 Dungeon Crawl Stone Soup version 0.23.1 (webtiles) character file.

Game seed: 12373511946248887099

66 PentaManta the Cutter (level 4, -1/31 HPs)
             Began as a Halfling Abyssal Knight on Mar 13, 2019.
             Was a Follower of Lugonu.
             Slain by a bullfrog (5 damage)
             ... on level 4 of the Dungeon.
             The game lasted 00:06:31 (1884 turns).

PentaManta the Cutter (Halfling Abyssal Knight)     Turns: 1884, Time: 00:06:31

Health: -1/31      AC:  6    Str: 14    XL:     4   Next: 37%
Magic:  0/5        EV: 11    Int: 10    God:    Lugonu [*.....]
Gold:   101        SH:  0    Dex: 13    Spells: 3/3 levels left

rFire    . . .     SeeInvis .   a - +2 short sword
rCold    . . .     Gourm    .   (shield restricted)
rNeg     . . .     Faith    .   f - +0 scale mail
rPois    .         Spirit   +   (no helmet)
rElec    .         Reflect  .   h - scarf {Spirit}
rCorr    .         Harm     .   (no gloves)
MR       .....                  (no boots)
Stlth    +.........             (no amulet)
HPRegen  0.10/turn              (no ring)
MPRegen  0.09/turn              (no ring)

@: no status effects
A: small, mutation resistance 1
a: Depart the Abyss, Renounce Religion


You were on level 4 of the Dungeon.
You worshipped Lugonu.
Lugonu was aware of your devotion.
You were not hungry.

You visited 1 branch of the dungeon, and saw 4 of its levels.
You visited the Abyss 1 time.

You collected 101 gold pieces.

Inventory:

Hand Weapons
 a - a +2 short sword (weapon)
 d - a +2 dagger of holy wrath
Armour
 b - a +0 leather armour
 f - a +0 scale mail (worn)
 h - a scarf of spirit shield (worn)
Scrolls
 e - a scroll of identify
 i - 3 scrolls of remove curse
 j - a scroll of enchant weapon
Potions
 g - a potion of cancellation
 k - a potion of resistance {unknown}
Comestibles
 c - 3 rations


   Skills:
 + Level 3.2 Fighting
 + Level 3.3 Short Blades
 - Level 2.1 Armour
 - Level 1.1 Dodging
 * Level 3.0 Stealth
 - Level 2.0 Invocations


You had 3 spell levels left.
You didn't know any spells.
Your spell library was empty.

Dungeon Overview and Level Annotations

Branches:
Dungeon (4/15)
 Temple: D:4-7

Altars:


Innate Abilities, Weirdness & Mutations

You are small and have problems with some larger weapons.
You are somewhat resistant to further mutation.


Message History

The bullfrog hits you but does no damage.
The worker ant waves its antennae.
The phantom blinks!
The adder bites you.
* * * LOW HITPOINT WARNING * * *
The bullfrog misses you. The bullfrog barely misses you.
You feel sick. The bullfrog barely misses you. The bullfrog misses you.
You feel sick.
The phantom blinks!
The bullfrog hits you but does no damage.
The bullfrog closely misses you.
You feel sick.
You are no longer poisoned.
The bullfrog misses you. The bullfrog hits you.
* * * LOW HITPOINT WARNING * * *
The bullfrog hits you.
* * * LOW HITPOINT WARNING * * *
The bullfrog hits you. The adder bites you but does no damage.
The bullfrog hits you.
You die...

#+##################+###
........................
........................
........................
........................
........................
...............S........
..............aF@.......
####...######'#########.
###.#.###...........#
##.##.#S##...........#
##.#.##.#.##..........#
#.#.#.##.#a##.........#........#
.#.#.#.##.#.##........#........#
#.###.#W##.#.##.......#........#
.##.##.#.##.#.##......#........#


You could see a bullfrog, a worker ant and an adder.

Vanquished Creatures
  A hound (D:4)
  An ooze (D:1)
  A worm (D:2)
  3 leopard geckos
  An orc (D:4)
  A bat (D:1)
  3 giant cockroaches (D:1)
  4 goblins
  3 hobgoblins (D:1)
  2 jackals (D:1)
  2 kobolds
22 creatures vanquished.

Notes
Turn   | Place    | Note
-------+----------+-------------------------------------------
     0 | Abyss:1  | PentaManta the Halfling Abyssal Knight began the quest for
                  | the Orb.
     0 | Abyss:1  | Reached XP level 1. HP: 15/15 MP: 2/2
    13 | Abyss:1  | Found an ornate altar of the Wu Jian Council.
    56 | Abyss:1  | Noticed a wretched star
    62 | D:1      | Escaped the Abyss
   151 | D:1      | Reached skill level 1 in Stealth
   178 | D:1      | Reached XP level 2. HP: 3/20 MP: 3/3
   519 | D:1      | Reached * piety under Lugonu
   691 | D:1      | Reached XP level 3. HP: 14/26 MP: 4/4
  1210 | D:2      | HP: 1/26 [worm (9)]
  1462 | D:4      | Reached XP level 4. HP: 2/31 MP: 1/5
  1748 | D:4      | Noticed a phantom
  1863 | D:4      | Noticed a bullfrog
  1884 | D:4      | Slain by a bullfrog

Skill      XL: |  1  2  3 |
---------------+----------+-----
Stealth        | 1 2 3 |  3.0
Fighting       | 3 |  3.2
Short Blades   | 3 |  3.3
Armour         | |  2.1
Dodging        | |  1.1
Invocations    | |  2.0

Action                   |  1- 3 |  4- 6 || total
-------------------------+-------+-------++-------
Melee: Short sword       |   115 |     9 ||   124
Throw: Stone             |    12 |     8 ||    20
Invok: Depart the Abyss  |     1 |       ||     1
  Use: Potion            |     2 |       ||     2
       Scroll            |     5 |       ||     5
  Eat: Ration            |     1 |       ||     1
Armor: Leather armour    |    28 |       ||    28
       Scale mail        |    12 |    18 ||    30
Dodge: Dodged            |    88 |    18 ||   106
